 Dungeon Crawl Stone Soup version 0.24.0-125-gc4c63601f3 (webtiles) character file.

Game seed: 2628028955157297123, levelgen mode: deterministic

49 Mrkan the Poker (level 3, -1/33 HPs)
             Began as a Draconian Monk on Feb 26, 2020.
             Was a Believer of Fedhas.
             Slain by a worm (5 damage)
             ... on level 2 of the Dungeon.
             The game lasted 00:02:25 (1369 turns).

Mrkan the Poker (Draconian Monk)                    Turns: 1369, Time: 00:02:25

Health: -1/33      AC:  6    Str: 13    XL:     3   Next: 53%
Magic:  3/3        EV: 13    Int: 10    God:    Fedhas [**....]
Gold:   114        SH:  0    Dex: 14    Spells: 2/2 levels left

rFire    . . .     SeeInvis .   a - +0 spear
rCold    . . .     Gourm    .   (no shield)
rNeg     . . .     Faith    .   (armour unavailable)
rPois    .         Spirit   .   (helmet restricted)
rElec    .         Reflect  .   (no cloak)
rCorr    .         Harm     .   (no gloves)
MR       .....                  i - +0 pair of boots
Stlth    ++........             (no amulet)
HPRegen  0.11/turn              (no ring)
MPRegen  0.08/turn              (no ring)

@: no status effects
A: unfitting armour, cold-blooded, AC +5
a: Wall of Briars, Renounce Religion


You were on level 2 of the Dungeon.
You worshipped Fedhas.
Fedhas was pleased with you.
You were hungry.

You visited 1 branch of the dungeon, and saw 2 of its levels.

You collected 114 gold pieces.

Inventory:

Hand Weapons
 a - a +0 spear (weapon)
Armour
 i - a +0 pair of boots (worn)
Scrolls
 d - a scroll of remove curse {unknown}
 g - a scroll of magic mapping {unknown}
 j - a scroll of immolation {unknown}
 l - a scroll of identify {unknown}
Potions
 c - 3 potions of curing {unknown}
 e - a potion of ambrosia {unknown}
 f - a potion of agility {unknown}
 k - a potion of degeneration {unknown}
Comestibles
 b - 5 rations
 h - 10 chunks of flesh


   Skills:
 + Level 3.7 Fighting
 * Level 3.7 Polearms
 + Level 1.0 Throwing
 + Level 3.0 Dodging
 - Level 1.7 Stealth


You had 2 spell levels left.
You didn't know any spells.
Your spell library was empty.

Dungeon Overview and Level Annotations

Branches:
Dungeon (2/15)

Altars:
Fedhas
Gozag


Innate Abilities, Weirdness & Mutations

Your plain brown scales are hard. (AC +5)
You cannot fit into any form of body armour.
You are cold-blooded and may be slowed by cold attacks.


Message History

Attack whom?
Press: ? - help, Dir - move target cursor, f/p - worm
Aim: a worm (severely wounded)
You reach to attack!
You hit the worm but do no damage.
The worm is severely wounded.
Attack whom?
Press: ? - help, Dir - move target cursor, f/p - worm
Aim: a worm (heavily wounded)
You reach to attack!
You hit the worm but do no damage.
The worm is heavily wounded.
Attack whom?
Press: ? - help, Dir - move target cursor, f/p - worm
Aim: a worm (heavily wounded)
You hit the worm.
The worm is heavily wounded.
You hit the worm.
The worm is heavily wounded.
The worm bites you.
You die...
Fedhas appreciates your contribution to the ecosystem.

#†#
#........
#.#
#..#.....
#.#
.........
#.#
#.....
#.#
#.....
#.# #....
#.# ##..P
#w# ###..
#@# #...P
#.# #....
#.# #####
#.# ###..
#.# #....
#.# ..#..
#.. # #..
... #..
#..


You could see a worm.

Vanquished Creatures
  An adder (D:1)
  An ooze (D:2)
  A worm (D:2)
  4 leopard geckos
  2 bats
  3 giant cockroaches
  5 goblins
  2 hobgoblins (D:2)
  2 jackals (D:1)
  3 frilled lizards
  5 rats
29 creatures vanquished.

Notes
Turn   | Place    | Note
-------+----------+-------------------------------------------
     0 | D:1      | Mrkan the Draconian Monk began the quest for the Orb.
     0 | D:1      | Reached XP level 1. HP: 19/19 MP: 1/1
   273 | D:1      | Reached XP level 2. HP: 26/26 MP: 2/2
   992 | D:1      | Reached XP level 3. HP: 23/31 MP: 3/3
  1118 | D:2      | Found an opulent altar of Gozag.
  1196 | D:2      | Found a blossoming altar of Fedhas.
  1238 | D:2      | Became a worshipper of Fedhas Madash
  1238 | D:2      | Reached * piety under Fedhas
  1238 | D:2      | Reached ** piety under Fedhas
  1271 | D:2      | Reached skill level 1 in Throwing
  1369 | D:2      | Slain by a worm

Levels and vault maps discovered:
D:1:      dpeg_arrival_more_subterranean_lakeside_camping, layout_loops_corners,
          corexii_hall_statues_l, minmay_misc_feat_tiny
D:2:      layout_rooms, grunt_gozag_breadcrumbs, chequers_serial_rivers_room_b,
          dk_noncrumbling_3, corexii_leaking_fountain, fedhas_altar_1

Skill      XL: |  1  2  3 |
---------------+----------+-----
Dodging        | 3 |  3.0
Throwing       | 1 |  1.0
Fighting       | |  3.7
Polearms       | |  3.7
Stealth        | |  1.7

Action                   || total
-------------------------++-------
Melee: Spear             ||   152
       Tailslap          ||    15
 Stab: Sleeping          ||     5
  Eat: Chunk             ||     1
Armor: Skin              ||    45
Dodge: Dodged            ||   113
